 Dungeon Crawl Stone Soup version 0.28-a0-802-g09f76e8c00 (webtiles) character file.

Game seed: 1910165325806026863

9743 kae the Spear-Bearer (level 11, -5/86 HPs)
             Began as a Merfolk Summoner on Nov 6, 2021.
             Was an Initiate of Ashenzari.
             Succumbed to a cane toad's poison
             ... on level 1 of the Lair of Beasts.
             The game lasted 00:22:04 (19857 turns).

kae the Spear-Bearer (Merfolk Summoner)            Turns: 19857, Time: 00:22:05

Health: -5/86      AC:  5    Str:  8    XL:     11   Next: 51%
Magic:  18/21      EV: 11    Int: 17    God:    Ashenzari [......]
Gold:   560        SH:  0    Dex: 20    Spells: 10/23 levels left

rFire   + . .      SeeInvis +   b - +2 spear (vorpal)
rCold   . . .      Faith    .   (no shield)
rNeg    . . .      Spirit   .   C - +0 ring mail of Polish {rF+ Dex+4}
rPois   .          Reflect  .   (no helmet)
rElec   .          Harm     .   (no cloak)
rCorr   .          Rampage  .   (no gloves)
Will    .....                   (no boots)
Stlth   ++........              s - amulet of the acrobat
HPRegen 0.24/turn               y - ring of see invisible
MPRegen 0.17/turn               k - ring of wizardry

@: mighty, lethally poisoned (-5 -> -44)
A: (nimble swimmer 2), mertail
a: Renounce Religion


You were on level 1 of the Lair of Beasts.
You worshipped Ashenzari.
Ashenzari was noncommittal.
You visited 3 branches of the dungeon, and saw 12 of its levels.

You collected 560 gold pieces.

Inventory:

Hand Weapons
 b - a +2 vorpal spear (weapon)
 o - a +0 halberd
 x - the +4 rapier of Onaattab {vorpal, rF+ Will+ MP+9 Str+2}
   (You found it on level 7 of the Dungeon)

   It inflicts extra damage upon your enemies.
   Str:       It affects your strength (+2).
   rF:        It protects you from fire.
   MP:        It affects your magic capacity (+9).
   Will:      It increases your willpower.
Missiles
 q - 2 throwing nets
Armour
 a - a +0 robe
 i - a +1 leather armour
 C - the +0 ring mail of Polish (worn) {rF+ Dex+4}
   (You found it on level 8 of the Dungeon)

   Dex:       It affects your dexterity (+4).
   rF:        It protects you from fire.
 D - a +0 pair of boots of rampaging
Jewellery
 k - a ring of wizardry (right hand)
 m - a +6 ring of dexterity
 s - an amulet of the acrobat (around neck)
 y - a ring of see invisible (left hand)
 B - a +4 ring of protection
 F - a ring of flight
 G - a +4 ring of evasion
 I - a ring of fire
Wands
 f - a wand of digging (1)
 p - a wand of acid (4)
 A - a wand of paralysis (3)
 J - a wand of flame (17)
 M - a wand of mindburst (15)
Scrolls
 e - a scroll of teleportation
 r - a scroll of fear
 w - 3 scrolls of fog
 K - a scroll of magic mapping
 N - a scroll of amnesia
Potions
 c - 3 potions of flight
 d - a potion of invisibility
 g - 2 potions of mutation
 h - 2 potions of attraction
 j - a potion of magic
 l - a potion of haste {unknown}
 n - 2 potions of might
 t - 2 potions of heal wounds {unknown}
 u - a potion of ambrosia
 v - a potion of brilliance {unknown}
 z - 3 potions of berserk rage {unknown}
 E - a potion of lignification {unknown}
 H - 2 potions of resistance {unknown}
Miscellaneous
 L - a phantom mirror (inert)


   Skills:
 + Level 7.8 Fighting
 * Level 14.3 Polearms
 - Level 2.8 Dodging
 - Level 2.3 Stealth
 + Level 6.9 Spellcasting
 * Level 11.1 Summonings


You had 10 spell levels left.
You knew the following spells:

 Your Spells              Type           Power      Damage    Failure   Level
a - Summon Small Mammal   Summ           100%       N/A       1%          1
b - Call Imp              Summ           43%        N/A       1%          2
c - Call Canine Familiar  Summ           43%        N/A       1%          3
d - Summon Guardian Gole  Hex/Summ       24%        N/A       4%          3
e - Summon Lightning Spi  Summ/Air       24%        N/A       16%         4

Your spell library contained the following spells:

 Spells                   Type           Power      Damage    Failure   Level
 Sandblast                Erth           10%        2d5       16%         1
 Passwall                 Tmut/Erth      4%         N/A       22%         2
 Inner Flame              Hex/Fire       5%         N/A       38%         3
 Stone Arrow              Conj/Erth      10%        3d7       38%         3
 Swiftness                Air            5%         N/A       38%         3
 Cause Fear               Hex            2%         N/A       78%         4
 Invisibility             Hex            2%         N/A       100%        6
 Borgnjor's Revivificati  Necr           2%         N/A       100%        8
 Discord                  Hex            2%         N/A       100%        8
 Necromutation            Tmut/Necr      2%         N/A       100%        8
 Death's Door             Necr           2%         N/A       100%        9


Dungeon Overview and Level Annotations

Branches:
Dungeon (10/15)            Temple (1/1) D:4            Lair (1/6) D:8
    Orc: D:9-12

Altars:
Ashenzari
Cheibriados
Dithmenos
Elyvilon
Fedhas
Gozag
Hepliaklqana
Kikubaaqudgha
Makhleb
Nemelex Xobeh
Okawaru
Qazlal
Ru
Sif Muna
Trog
Uskayaw
Vehumet
Wu Jian
Xom
Yredelemnul
Zin
The Shining One

Annotations:
D:4 exclusion: ogre
D:7 Joseph, Menkaure
D:8 Gastronok
D:10 5 runed translucent doors
Lair:1 3 runed translucent doors, Etinn's ghost, novice GrFi; Karim's ghost, journeyman VSFi; Okleor's ghost, journeyman TrFi; Pyheul's ghost, journeyman HOCA; Yfuuris's ghost, novice MfGl


Innate Abilities, Weirdness & Mutations

((You are quick and stealthy near water. (Stealth+, EV+, Speed+++)))
Your lower body shifts to a powerful aquatic tail in water.


Message History

You are more poisoned.
The cane toad poisons you!
A cane toad is nearby!
You hit the cane toad but do no damage.
The cane toad is heavily wounded.
You feel very sick.
You hit the cane toad.
The cane toad is severely wounded.
You feel very sick. The cane toad stings you.
You are too injured to fight recklessly!
You are too injured to fight recklessly!
You are too injured to fight recklessly!
You are too injured to fight recklessly!
You hit the cane toad but do no damage.
The cane toad is severely wounded.
You feel very sick. The cane toad stings you!
You hit the cane toad but do no damage.
The cane toad is heavily wounded.
You feel very sick.
You hit the cane toad.
The cane toad is severely wounded.
You feel sick. The cane toad closely misses you.
You hit the cane toad but do no damage.
The cane toad is severely wounded.
You feel sick.
You hit the cane toad but do no damage.
The cane toad is severely wounded.
You feel sick. The cane toad stings you!
* * * LOW HITPOINT WARNING * * *
You hit the cane toad.
The cane toad is severely wounded.
You feel sick. The cane toad stings you!
* * * LOW HITPOINT WARNING * * *
You are more poisoned.
The cane toad poisons you!
It was a potion of might.
You feel very mighty all of a sudden.
You die...

........## ###..#
........# #..##
........# ##..#
###.#...# #.## #
###...# #.# #
#...# #####.# #
#...######.#.#.##
#
#...............#
#
..........F@..##
........8.#
..........#
..........#
..........#
##P..(....#
##.......#
#.......#


You could see a cane toad (ally target) and a friendly lightning spire
(summoned).

Vanquished Creatures
  A two-headed ogre (D:5)
  An unseen horror (D:10)
  A kobold demonologist (D:9)
  A yak (D:8)
  2 water moccasins
  2 ice beasts
  A necrophage (D:5)
  A sky beast (D:7)
  6 centaurs
  2 wolves (D:8)
  4 bullfrogs
  2 scorpions
  2 wyvern zombies (D:8)
  A wyvern skeleton (D:6)
  A wight (D:7)
  2 howler monkeys
  A jelly (D:5)
  2 centaur zombies
  A hound (D:4)
  A centaur skeleton (D:7)
  A gnoll shaman (D:9)
  3 iguanas
  3 gnolls
  4 adders
  A shadow imp (D:5)
  A dart slug (D:4)
  5 orcs
  6 endoplasms
  2 giant cockroaches
  2 goblins
  2 hobgoblins
  2 kobolds
  3 quokkas
  A ball python (D:3)
  3 bats
  A frilled lizard (D:1)
  3 rats
78 creatures vanquished.

Vanquished Creatures (collateral kills)
  A two-headed ogre (D:10)
  A centaur zombie (D:10)
  Maurice (D:8)
  A komodo dragon (Lair:1)
  A troll (D:10)
  A wraith (D:10)
  6 yaks
  2 steam dragons
  A black bear (D:8)
  2 orc warriors
  3 sky beasts
  3 necrophages
  2 scorpions
  A wyvern zombie (D:8)
  5 killer bees (D:9)
  An electric eel (D:8)
  A wight (D:7)
  A howler monkey (D:8)
  3 hounds (D:8)
  A gnoll shaman (D:5)
  A jelly (D:4)
  4 orc priests
  Ijyb (D:4)
  An iguana (D:7)
  5 orc wizards
  An adder (D:5)
  6 gnolls
  A howler monkey skeleton (D:6)
  2 shadow imps
  2 dart slugs
  11 orcs
  2 endoplasms
  2 kobolds
  2 quokkas
  A ball python (D:2)
  A goblin (D:4)
  A rat (D:1)
82 creatures vanquished.

Vanquished Creatures (others)
  A troll (D:8)
  5 yaks (D:9)
  A wyvern (D:8)
  2 wolves (D:8)
  A killer bee (D:9)
  2 wights (D:7)
  An electric eel (D:8)
  2 fungi (Lair:1)
  4 plants
19 creatures vanquished.

Grand Total: 179 creatures vanquished

Notes
Turn   | Place    | Note
-------+----------+-------------------------------------------
     0 | D:1      | kae the Merfolk Summoner began the quest for the Orb.
     0 | D:1      | Reached XP level 1. HP: 13/13 MP: 3/3
   598 | D:1      | Reached XP level 2. HP: 4/19 MP: 3/5
   863 | D:1      | Learned a level 2 spell: Call Imp
  1076 | D:1      | Reached skill level 1 in Polearms
  2058 | D:2      | Reached XP level 3. HP: 25/25 MP: 4/6
  2062 | D:2      | Learned a level 3 spell: Call Canine Familiar
  2708 | D:3      | Noticed Ijyb
  2723 | D:3      | Paralysed by Ijyb for 3 turns
  2901 | D:3      | Found a faded altar of an unknown god.
  2998 | D:3      | You fall into a shaft and drop 1 floor!
  3029 | D:3      | Noticed an orc warrior
  3185 | D:3      | Paralysed by Ijyb for 2 turns
  3500 | D:4      | Reached skill level 2 in Polearms
  3522 | D:4      | Reached skill level 1 in Fighting
  3522 | D:4      | Reached XP level 4. HP: 32/32 MP: 4/7
  3634 | D:4      | Reached skill level 3 in Polearms
  3738 | D:4      | Found a staircase to the Ecumenical Temple.
  3818 | Temple   | Entered the Ecumenical Temple
  4073 | D:4      | Reached XP level 5. HP: 38/38 MP: 5/8
  4279 | D:4      | Noticed an ogre
  5068 | D:5      | Entered Level 5 of the Dungeon
  5179 | D:5      | Reached skill level 4 in Polearms
  5179 | D:5      | Reached skill level 5 in Summonings
  5399 | D:5      | Noticed a necrophage
  5431 | D:5      | Killed a necrophage
  5432 | D:5      | Reached XP level 6. HP: 24/46 MP: 6/10
  5647 | D:5      | Reached skill level 5 in Polearms
  6042 | D:5      | Noticed a two-headed ogre
  6318 | D:5      | Noticed a necrophage
  6344 | D:5      | Killed a necrophage
  6345 | D:5      | Reached XP level 7. HP: 41/51 MP: 9/11
  6681 | D:6      | Found a blossoming altar of Fedhas.
  6718 | D:5      | Reached skill level 6 in Polearms
  7479 | D:6      | Reached skill level 7 in Polearms
  7479 | D:6      | Reached XP level 8. HP: 32/58 MP: 8/13
  8382 | D:6      | Reached skill level 8 in Polearms
  9129 | D:4      | Learned a level 3 spell: Summon Guardian Golem
  9387 | D:5      | Killed a two-headed ogre
  9388 | D:5      | Reached skill level 9 in Polearms
  9388 | D:5      | Reached XP level 9. HP: 67/67 MP: 11/16
  9520 | D:7      | Noticed Joseph
  9569 | D:7      | Noticed Menkaure
  9613 | D:7      | Reached skill level 5 in Fighting
 10528 | D:7      | Reached skill level 10 in Polearms
 10528 | D:7      | Reached skill level 5 in Spellcasting
 10563 | D:7      | Identified the +4 rapier of Onaattab {vorpal, rF+ Will+
                  | MP+9 Str+2}
 11766 | D:3      | Paralysed by Ijyb for 2 turns
 11786 | D:4      | Killed Ijyb
 12690 | D:7      | Learned a level 4 spell: Summon Lightning Spire
 12782 | D:8      | Reached skill level 11 in Polearms
 12942 | D:8      | Found a white marble altar of Elyvilon.
 13099 | D:8      | Identified the +0 ring mail of Polish {rF+ Dex+4}
 13427 | D:8      | Noticed Maurice
 13481 | D:8      | Killed Maurice
 13482 | D:8      | Reached XP level 10. HP: 65/76 MP: 6/18
 14307 | D:8      | Noticed Gastronok
 14524 | D:8      | Reached skill level 12 in Polearms
 15682 | D:8      | Found a staircase to the Lair.
 15996 | D:9      | Noticed a kobold demonologist
 16040 | D:9      | Killed a kobold demonologist
 16157 | D:9      | Found a broken altar of Ashenzari.
 16157 | D:9      | Found an ancient bone altar of Kikubaaqudgha.
 16157 | D:9      | Found a hazy altar of Hepliaklqana.
 16585 | D:9      | Reached skill level 10 in Summonings
 16826 | D:9      | Reached skill level 13 in Polearms
 16831 | D:9      | Reached XP level 11. HP: 81/84 MP: 8/20
 17302 | D:9      | Found a snail-covered altar of Cheibriados.
 17302 | D:9      | Found a radiant altar of Vehumet.
 17524 | D:10     | Entered Level 10 of the Dungeon
 17528 | D:10     | Found a runed translucent gate.
 17529 | D:10     | Noticed a wolf spider
 17535 | D:10     | Found a runed translucent door.
 17535 | D:10     | Noticed a wolf spider
 17536 | D:10     | Found a runed translucent gate.
 18298 | D:10     | Noticed a two-headed ogre
 18389 | D:10     | Killed a two-headed ogre
 18390 | D:10     | Reached skill level 14 in Polearms
 18466 | D:10     | Found a runed translucent gate.
 18477 | D:10     | Found a runed translucent door.
 18484 | D:10     | Found the +9 staff of Olgreb {rPois∞}
 19005 | D:10     | Found a glowing silver altar of Zin.
 19011 | D:10     | Found a stormy altar of Qazlal.
 19259 | Lair:1   | Entered Level 1 of the Lair of Beasts
 19418 | D:9      | Became a worshipper of Ashenzari the Shackled
 19793 | Lair:1   | Found a runed translucent gate.
 19793 | Lair:1   | Found a runed translucent gate.
 19793 | Lair:1   | Found a runed translucent gate.
 19796 | Lair:1   | Noticed Karim's ghost (journeyman VSFi)
 19796 | Lair:1   | Noticed Pyheul's ghost (journeyman HOCA)
 19797 | Lair:1   | Noticed Okleor's ghost (journeyman TrFi)
 19797 | Lair:1   | Noticed Yfuuris's ghost (novice MfGl)
 19797 | Lair:1   | Noticed Etinn's ghost (novice GrFi)
 19856 | Lair:1   | HP: 4/86 [cane toad (16)]
 19857 | Lair:1   | Succumbed to a cane toad's poison

Illustrated notes

Levels and vault maps discovered:
D:1:      lightli_arrival_quake, layout_basic
D:2:      layout_basic
D:3:      layout_basic, hellmonk_ecumenical_altar_crossroads, uniq_ijyb
D:4:      layout_loops_cross, temple_doors_e, amethyst_killhole
D:5:      layout_basic
D:6:      layout_basic, lemuel_crystal_altar, chequers_serial_rivers_marsh,
          kennysheep_boxes
D:7:      layout_loops_corners, grunt_ministairs_10, grunt_decor_one_mirror,
          uniq_joseph, uniq_menkaure
D:8:      layout_basic, pf_just_have_faith, erik_lair_island, uniq_maurice,
          uniq_gastronok
D:9:      layout_rooms, gammafunk_temple_overflow_forgotten,
          gammafunk_temple_overflow_pools
D:10:     layout_basic, minitemple, minmay_guarded_unrand_staff_of_olgreb
Temple:   oiseaux_autumnal_temple
Lair:1:   gammafunk_indiana_jones, layout_chaotic_city,
          gammafunk_ghost_cemetery, infiniplex_staircase_pool

Skill      XL: |  1  2  3  4  5  6  7  8  9 10 11 |
---------------+----------------------------------+-----
Polearms       | 1 2 3 4 5 7 9 11 13 14 | 14.3
Fighting       | 1 2 3 4 6 7 |  7.8
Summonings     | 5 6 7 9 10 11 | 11.1
Spellcasting   | 3 4 5 6 |  6.9
Dodging        | |  2.8
Stealth        | |  2.3

Action                   |  1- 3 |  4- 6 |  7- 9 | 10-12 || total
-------------------------+-------+-------+-------+-------++-------
Melee: Spear             |   104 |   107 |   327 |   349 ||   887
       Unarmed           |     4 |       |       |       ||     4
 Cast: Summon Small Mamm |    17 |       |    14 |    10 ||    41
       Call Imp          |     5 |     9 |    19 |    10 ||    43
       Call Canine Famil |     2 |    12 |    51 |    22 ||    87
       Summon Guardian G |       |       |    10 |    28 ||    38
       Summon Lightning  |       |       |       |    26 ||    26
Evoke: Wand              |       |       |     1 |       ||     1
       Phantom mirror    |       |       |       |     1 ||     1
  Use: Scroll            |     4 |     3 |     9 |     6 ||    22
       Potion            |     2 |       |       |     1 ||     3
 Stab: Sleeping          |     7 |     3 |     4 |       ||    14
       Distracted        |       |     2 |     5 |     6 ||    13
Armor: Robe              |    13 |       |       |       ||    13
       Leather armour    |     6 |    13 |    48 |       ||    67
       Ring mail         |       |       |     1 |    61 ||    62
Dodge: Dodged            |    67 |    47 |   156 |   153 ||   423

Table legend: (Time is in decaauts)
 A = Elapsed time spent in this place.
 B = Non-inter-level travel time spent in this place.
 C = Inter-level travel time spent in this place.
 D = Time resting spent in this place.
 E = Time spent auto-exploring this place.
 F = Levels seen in this place.
 G = Mean time per level.
                   A        B        C        D        E       F      G
               +--------+--------+--------+--------+--------+-----+--------+
         Total |  19509 |  18242 |   1267 |   4623 |  10806 |  12 | 1625.8 |
       Dungeon |  18858 |  17619 |   1239 |   4404 |  10513 |  10 | 1885.8 |
        Temple |    200 |    176 |     24 |      0 |    162 |   1 |  200.0 |
          Lair |    450 |    447 |      3 |    219 |    130 |   1 |  450.0 |
               +--------+--------+--------+--------+--------+-----+--------+

Top non-repeatable levels by time:
     D:8: 2719 daAuts
     D:4: 2700 daAuts
     D:5: 2682 daAuts
     D:7: 2419 daAuts
    D:10: 1664 daAuts
     D:9: 1585 daAuts
     D:6: 1568 daAuts
     D:1: 1370 daAuts
     D:2: 1251 daAuts
     D:3: 897 daAuts
  Lair:1: 450 daAuts
  Temple: 200 daAuts
